 Dungeon Crawl Stone Soup version 0.18-a0-1799-g6250cb2 (webtiles) character file.

16 Melicamp the Grave Robber (level 2, -2/19 HPs)
             Began as a Vampire Necromancer on Apr 23, 2016.
             Slain by a hobgoblin
             ... wielding a +0 club
              (3 damage)
             ... on level 1 of the Dungeon.
             The game lasted 00:14:14 (1167 turns).

Melicamp the Grave Robber (Vampire Necromancer)     Turns: 1167, Time: 00:14:14

Health: -2/19      AC:  2    Str:  7    XL:     2   Next: 41%
Magic:  1/5        EV: 13    Int: 17    God:
Gold:   56         SH:  0    Dex: 14    Spells: 2 memorised, 3 levels left

rFire  . . .     SeeInvis +     d - +0 mace
rCold  . . .     Gourm    .     a - +0 robe
rNeg   + . .     Faith    .     (no shield)
rPois  .         Spirit   .     (no helmet)
rElec  .         Dismiss  .     (no cloak)
rCorr  .         Reflect  .     (no gloves)
SustAt .         Harm     .     (no boots)
MR     .....                    (no amulet)
Stlth  +++.......               (no ring)
                                (no ring)

@: lethally poisoned (-2 -> -7), not resistant to hostile enchantments, fairly
stealthy
A: fangs 3, see invisible, unbreathing
a: no special abilities


You were on level 1 of the Dungeon.
You were not thirsty.

You visited 1 branch of the dungeon, and saw 1 of its levels.

You collected 56 gold pieces.

Inventory:

Hand Weapons
 d - a +0 mace (weapon)
 e - a +0 dagger (quivered)
 g - a +0 dagger
 l - a +0 dagger
Missiles
 j - 22 sling bullets
Armour
 a - a +0 robe (worn)
Scrolls
 h - 2 scrolls of teleportation {unknown}
 i - a scroll of random uselessness {unknown}
 k - a scroll of fog {unknown}
 m - a scroll of blinking {unknown}
 p - a scroll of recharging {unknown}
Potions
 c - 2 potions of blood
 n - 2 potions of ambrosia {unknown}
Books
 b - a book of Necromancy

   Spells                             Type                      Level
   a - Pain                           Necromancy                   1
   b - Animate Skeleton               Necromancy                   1
   c - Vampiric Draining              Necromancy                   3
   d - Regeneration                   Charms/Necromancy            3
   e - Animate Dead                   Necromancy                   4
   f - Control Undead                 Necromancy                   4
Comestibles
 f - a bread ration
 o - 5 fruits


   Skills:
 + Level 0.2 Maces & Flails
 + Level 2.4 Dodging
 + Level 3.2 Stealth
 + Level 2.1 Spellcasting
 + Level 4.7 Necromancy


You had 3 spell levels left.
You knew the following spells:

 Your Spells              Type           Power        Failure   Level  Hunger
a - Pain                  Necr           ###.         2%          1    #......
b - Animate Skeleton      Necr           N/A          2%          1    #......


Dungeon Overview and Level Annotations

Branches:
Dungeon (1/15)

Altars:


Innate Abilities, Weirdness & Mutations

You have razor-sharp teeth.
You have supernaturally acute eyesight.
You can survive without breathing.


Message History

The adder barely misses you.
You closely miss the adder.
The adder is severely wounded.
The adder bites you.
* * * LOW HITPOINT WARNING * * *
You are lethally poisoned!
The adder poisons you! The adder barely misses you.
You hit the adder.
You kill the adder!
You have reached level 2!
* * * LOW HITPOINT WARNING * * *
You feel sick.
You closely miss the hobgoblin. Your bite misses the hobgoblin.
* * * LOW HITPOINT WARNING * * *
You feel sick. The hobgoblin hits you with a club.
* * * LOW HITPOINT WARNING * * *
You hit the hobgoblin.
The hobgoblin is heavily wounded.
The hobgoblin hits you with a club.
You die...

#.....# ###.#............#
#.....###.............##.#
#...>.......###.#..##.##.#
#..................##.#...
##.....###.####.#.....#..#
#.....# #............#..#
#.....###.......#.##.#..#
#########...........##.......#.##
................@g......#.####.#
..............####.............##
..............#.....###.#........
..............#.##.....g.........
..............#.....##♣♣♣.♣♣♣##..
..............#.#.g.# ♣⌠♣ #..
.........####.#.#...♣♣♣♣♣.♣♣♣♣♣..
..........# .#........⌠.<.⌠.....
..........# #.#...♣♣♣♣♣.♣♣♣♣♣..


You could see a hobgoblin.

Vanquished Creatures
  An adder (D:1)
  A giant gecko (D:1)
  2 bats (D:1)
  3 goblins (D:1)
  A kobold (D:1)
  A rat (D:1)
9 creatures vanquished.

Notes
Turn   | Place    | Note
--------------------------------------------------------------
     0 | D:1      | Melicamp the Vampire Necromancer began the quest for the Orb.
     0 | D:1      | Reached XP level 1. HP: 13/13 MP: 3/3
     7 | D:1      | Learned a level 1 spell: Animate Skeleton
  1165 | D:1      | Reached XP level 2. HP: 4/19 MP: 1/5
  1167 | D:1      | Slain by a hobgoblin

Vault maps used:
D:1:      scummos_arrival_forest

Action                   || total
-------------------------++-------
Melee: Mace              ||    26
 Cast: Pain              ||     9
       Animate Skeleton  ||     1
  Use: Potion            ||     2
       Scroll            ||     1
Armor: Robe              ||    13
Dodge: Dodged            ||    39
